 Dungeon Crawl Stone Soup version 0.27-a0-1136-g0b992a5a9d (webtiles) character file.

Game seed: 13355170172053443022

237424 leviel the Severer (level 18, 0/117 HPs)
             Began as a Minotaur Berserker on May 5, 2021.
             Was the Champion of Trog.
             Killed from afar by a starcursed mass (13 damage)
             ... with an accursed screaming
             ... on level 2 of the Abyss.
             The game lasted 01:23:28 (32561 turns).

leviel the Severer (Minotaur Berserker)            Turns: 32561, Time: 01:23:29

Health: 0/117      AC: 20    Str: 23    XL:     18   Next: 96%
Magic:  13/13      EV:  7    Int: -1 (0) God:    Trog [******]
Gold:   2924       SH: 37    Dex: 11    Spells: 17/17 levels left

rFire    . . .     SeeInvis .   a - +4 broad axe "Orb Guardian's Regret" {vorpal, rElec rPois Dex+2}
rCold    + . .     Faith    .   I - +18 shield of the Gong {rElec rN+ Will+ EV-5}
rNeg     + + +     Spirit   .   n - +3 plate armour
rPois    +         Reflect  +   (helmet unavailable)
rElec    +         Harm     .   p - +0 cloak of the Armoured One {rN++ Regen+ rCorr Str-3}
rCorr    +         Rampage  .   E - +3 pair of gloves of Blue Skies {Str+3}
Will     ++++.     Rnd*Rage +   U - +1 pair of boots {Fly}
Stlth    ..........             k - amulet of reflection
HPRegen  2.29/turn              e - +4 ring of slaying
MPRegen  0.13/turn              W - ring of protection from cold

@: strong-willed, flying, regenerating, slowed, lost intelligence, very slow
A: horns 3, retaliatory headbutt, [berserk 2], [clumsy 2], [deformed body],
[deterioration 2], [dopey 2], [frail 3], [low mp 2], [screaming 2], weak 1[+1],
[no potion heal 2], [subdued magic 2]
}: 1/15 runes: gossamer
a: Renounce Religion, Berserk, Trog's Hand, Brothers in Arms


You were on level 2 of the Abyss.
You worshipped Trog.
Trog was exalted by your worship.
You visited 8 branches of the dungeon, and saw 33 of its levels.
You visited the Abyss 1 time.

You collected 4000 gold pieces.
You spent 1076 gold pieces at shops.

Inventory:

Hand Weapons
 a - the +4 broad axe "Orb Guardian's Regret" (weapon) {vorpal, rElec rPois Dex+2}
   (You acquired it on level 7 of the Dungeon)

   It inflicts extra damage upon your enemies.
   It affects your dexterity (+2).
   It insulates you from electricity.
   It protects you from poison.
 r - a +1 hand axe of flaming
 w - the +4 long sword of Wrongful Imprisonment {holy, Fly}
   (You found it on level 2 of the Spider Nest)

   It has been blessed by the Shining One to cause great damage to the undead
   and demons.
   It grants you flight.
 J - a +2 battleaxe of flaming
 Q - a +5 hand axe
Missiles
 D - 14 curare-tipped darts (quivered)
 Z - 4 atropa-tipped darts
Armour
 n - a +3 plate armour (worn)
 p - the +0 cloak of the Armoured One (worn) {rN++ Regen+ rCorr Str-3}
   (You bought it in a shop on level 3 of the Dungeon)

   It affects your strength (-3).
   It greatly protects you from negative energy.
   It increases your rate of health regeneration.
   It protects you from acid and corrosion.
 t - a +0 pair of gloves
 E - the +3 pair of gloves of Blue Skies (worn) {Str+3}
   (You bought it in a shop on level 2 of the Vaults)

   It affects your strength (+3).
 I - the +18 shield of the Gong (worn) {rElec rN+ Will+ EV-5}
   (You found it on level 8 of the Dungeon)

   It affects your evasion (-5).
   It insulates you from electricity.
   It protects you from negative energy.
   It increases your willpower.
 U - a +1 pair of boots of flying (worn)
 X - a +2 hat of willpower
 Y - a +2 hat of see invisible
Jewellery
 e - a +4 ring of slaying (left hand)
 k - an amulet of reflection (around neck)
 z - the amulet of Nookhle {rN+ Regen+}
   (You found it on level 6 of the Lair of Beasts)

   [amulet of regeneration]

   It protects you from negative energy.
   It increases your rate of health regeneration.
 A - a ring of see invisible
 P - an amulet of the acrobat
 S - a ring of positive energy
 T - a +6 ring of strength
 W - a ring of protection from cold (right hand)
Wands
 g - a wand of mindburst (43)
 o - a wand of paralysis (36)
 q - a wand of acid (14)
 v - a wand of flame (53)
 C - a wand of digging (10)
 H - a wand of iceblast (40)
 K - a wand of charming (11)
 V - a wand of polymorph (16)
Scrolls
 h - 2 scrolls of brand weapon
 s - 3 scrolls of magic mapping
 x - 5 scrolls of teleportation
 y - a scroll of immolation
 F - 2 scrolls of fear
 G - a scroll of enchant weapon
 N - a scroll of summoning
 O - 8 scrolls of fog
 R - 10 scrolls of identify
Potions
 b - 4 potions of might
 c - a potion of cancellation
 d - 7 potions of curing
 f - 2 potions of resistance
 i - 2 potions of haste
 j - 2 potions of attraction
 l - 15 potions of ambrosia
 m - 2 potions of mutation
 u - 8 potions of lignification
 B - 2 potions of berserk rage
 L - a potion of heal wounds
Miscellaneous
 M - a condenser vane


   Skills:
 - Level 16.9 Fighting
 - Level 18.9 Axes
 - Level 10.0 Throwing
 - Level 8.5 Armour
 + Level 18.9 Dodging
 - Level 3.3 Stealth
 - Level 15.0 Shields
 - Level 10.0 Evocations


You had 17 spell levels left.
You didn't know any spells.
Your spell library was empty.

Dungeon Overview and Level Annotations

Branches:
Dungeon (15/15)            Temple (0/1) D:4            Lair (6/6) D:11
 Shoals (1/4) Lair:2       Spider (4/4) Lair:2        Slime (1/5) Lair:6
    Orc (2/2) D:10            Elf (0/3) Orc:2        Vaults (3/5) D:14
 Depths (1/5) D:15
  Crypt: Vaults:2-3

Altars:
Cheibriados
Dithmenos
Elyvilon
Fedhas
Hepliaklqana
Kikubaaqudgha
Nemelex Xobeh
Okawaru
Trog
Uskayaw
Vehumet
Wu Jian
Xom
Zin
Beogh

Shops:
D:3 [   Orc:2 ((=(   Vaults:2 [


Innate Abilities, Weirdness & Mutations

You have a pair of large horns on your head.
You reflexively headbutt those who attack you in melee.
[You often lose your temper in combat.]
[You are very clumsy. (Dex -4)]
[Armour fits poorly on your strangely shaped body.]
[Your body often deteriorates upon taking damage.]
[You are very dopey. (Int -4)]
[You are extremely frail. (-30% HP)]
[Your magical capacity is very low. (-20% MP)]
[You frequently scream uncontrollably at your foes.]
[You are very weak. (Str -4)]
[Potions cannot restore your health.]
[Your spells are easier to cast, but less powerful.]


Message History

* * * LOW HITPOINT WARNING * * *
A small abomination comes into view.
You scream at the small abomination!
You cannot be healed by potions.
You block the small abomination's attack.
GONNNNG!
You block the small abomination's attack.
PANG!
You block the starcursed mass's attack.
GONNNNG!
You hear a shout!
You hear a roar!
You hear an angry hiss.
You hear a screech!
You block the small abomination's attack.
PTOANNNG!
A deafening chorus of shrieks assaults your mind!
* * * LOW HITPOINT WARNING * * *
You block the small abomination's attack.
GONNNNG!
You hear a bark!
You hear a roar! x2
A reaper comes into view. It is wielding a +1 scythe of freezing.
You scream at the reaper!
A starcursed mass splits.
A deafening chorus of shrieks assaults your mind!
* * * LOW HITPOINT WARNING * * *
You suddenly lose the ability to move!
The small abomination hits you.
* * * LOW HITPOINT WARNING * * *
You can move again.
Your skin crawls.
You feel strong-willed.
You block the small abomination's attack.
GONNNNG!
The Executioner gestures.
The Executioner seems to speed up.
You block the small abomination's attack.
SHROANNG!
A deafening chorus of shrieks assaults your mind!
* * * LOW HITPOINT WARNING * * *
You block the small abomination's attack.
BONNNG!
You hear a bark!
You hear a roar!
You hear an angry hiss.
An ancient zyme comes into view.
You feel yourself growing ill in the presence of the ancient zyme.
A deafening chorus of shrieks assaults your mind!
You die...

.. # . # .. # .#. .
.#. ..# .# # ..##2.
#. ...##...# . ...
#.......#.# ....#
#.@#.## #....
x.....#xX#.# ..#
.######X#.#) ...####
..#.X.##.#...#. # ..
#....X#1##.##.... ...
#.##.##X.X...#..#...#
## #.#........#. ยง
##..##X.#... # #
#..####....#### ##


You could see 5 starcursed masses, a reaper, an ancient zyme and a small
abomination.

Vanquished Creatures
  A lich (Vaults:1)
  Kirke (D:13)
  An acid blob (Slime:1)
  Donald (Spider:4)
  A tengu reaver (Vaults:1)
  A fire giant (Vaults:1)
  2 orc warlords
  2 emperor scorpions (Spider:4)
  A ghost moth (Spider:4)
  Louise (Spider:3)
  5 vault wardens
  5 very ugly things
  A stone giant (Vaults:1)
  5 ironbound preservers
  2 dire elephants (Vaults:1)
  4 entropy weavers
  Azrael (Spider:3)
  A spark wasp (Spider:3)
  Snorg (Lair:3)
  A crystal guardian (D:14)
  An ettin (D:15)
  8 yaktaur captains
  3 great orbs of eyes
  3 ironbound thunderhulks
  A rakshasa (D:15)
  10 vault guards
  6 hydras
  4 boulder beetles
  3 ironbound frosthearts
  4 ogre magi (Orc:2)
  10 centaur warriors
  15 two-headed ogres
  Erica (D:8)
  A death knight (D:14)
  3 death scarabs (Spider:4)
  A death yak (Lair:6)
  6 ironbound beastmasters
  The ghost of Moonsnow the Swashbuckler, a journeyman SpBe of Trog (Lair:1)
  2 tengu warriors (D:15)
  An orc high priest (Orc:2)
  Sonja (D:13)
  8 skeletal warriors
  A wretched star (Abyss:2)
  A sea snake (Shoals:1)
  16 deep trolls
  9 lindwurms
  5 ironbound convokers
  2 spectral wolf spiders (Spider:4)
  A glowing orange brain (Vaults:2)
  6 wizards
  4 orc knights
  9 orb spiders
  Pikel (D:7)
  3 necromancers
  A wolf spider zombie (Spider:4)
  3 orc sorcerers
  A deep elf zephyrmancer (D:15)
  A stone giant zombie (Vaults:1)
  16 ugly things
  2 manticores
  15 wolf spiders
  5 fauns (Shoals:1)
  4 cyclopes
  3 moths of wrath
  4 merfolk sirens
  5 black mambas
  5 elephants (Lair:5)
  A naga mage (Vaults:1)
  8 vault sentinels
  A water nymph (Shoals:1)
  Maggie (D:7)
  3 gargoyles
  12 cane toads
  An unseen horror (D:12)
  A yaktaur zombie (Vaults:1)
  2 spectral redbacks (Spider:4)
  3 rime drakes
  15 yaktaurs
  6 demonic crawlers
  7 komodo dragons
  A hellwing (Abyss:2)
  3 redback zombies (Spider:4)
  A queen bee (D:13)
  2 tengu conjurers (Vaults:1)
  3 meliai (D:13)
  2 merfolk (Shoals:1)
  4 polar bears
  24 jumping spiders
  5 trolls
  11 hornets
  2 spectral jumping spiders (Spider:4)
  3 spectral tarantellas (Spider:4)
  41 slime creatures
  24 blink frogs
  A tarantella zombie (Spider:4)
  2 jumping spider zombies (Spider:4)
  3 dream sheep (Lair:6)
  A centaur simulacrum (D:14)
  16 spriggans
  2 water elementals
  3 shadows
  4 wyverns
  Eustachio (D:4)
  A fire bat (shapeshifter) (D:14)
  19 tarantellas
  4 fire elementals (Spider:3)
  46 redbacks
  A vampire (D:13)
  An elf zombie (Vaults:1)
  4 basilisks
  2 hogs (D:13)
  A black mamba skeleton (Abyss:2)
  46 yaks
  A chaos spawn (Abyss:2)
  3 vampire mosquitoes (D:15)
  Menkaure (D:5)
  3 wargs (Orc:2)
  3 acid dragons
  24 water moccasins
  Duvessa (D:4)
  A spectral hornet (Spider:4)
  19 orc warriors
  A hornet zombie (Spider:4)
  3 ice beasts
  An orc zombie (Vaults:1)
  2 sky beasts
  7 black bears
  3 starcursed masses (Abyss:2)
  A necrophage (D:6)
  28 ogres
  48 wolves
  7 boggarts
  22 centaurs
  2 lemures (D:7)
  A phantom (D:5)
  Blork the orc (D:5)
  2 kobold brigands
  10 bullfrogs
  3 gnoll sergeants
  2 scorpions (D:4)
  2 wyvern zombies
  Dowan (D:4)
  16 killer bees
  6 wights
  6 howler monkeys
  13 electric eels
  4 centaur zombies
  A quasit (Abyss:2)
  3 jellies
  3 bullfrog zombies
  13 orc priests
  A centaur skeleton (D:5)
  2 bullfrog skeletons
  5 hounds
  Jessica (D:2)
  4 iguanas
  22 orc wizards
  A killer bee zombie (D:7)
  A hound zombie (D:5)
  A hound skeleton (D:5)
  2 howler monkey zombies
  Robin (D:3)
  14 gnolls
  5 adders
  A shadow imp (D:7)
  4 white imps
  An ufetubus (D:7)
  A worm (D:3)
  87 orcs
  10 endoplasms
  5 giant cockroaches
  12 goblins
  8 hobgoblins
  10 jackals
  9 kobolds
  7 quokkas
  2 ball pythons (D:1)
  3 bats
  5 frilled lizards
  3 rats (D:1)
1095 creatures vanquished.

Vanquished Creatures (collateral kills)
  Frederick (Vaults:1)
  Arachne (Spider:4)
  A tentacled monstrosity (Abyss:2)
  Asterion (Spider:2)
  An ironbound preserver (Vaults:1)
  A war gargoyle (Vaults:1)
  3 slime creatures
  Harold (D:7)
  An ironbound thunderhulk (Vaults:1)
  2 hydras
  5 death scarabs (Spider:4)
  2 deep trolls (Vaults:1)
  A glowing orange brain (Vaults:1)
  2 wizards (Vaults:1)
  3 spectral wolf spiders (Spider:4)
  An orb spider (Spider:4)
  2 wolf spiders
  A large abomination (Abyss:2)
  2 yaktaurs (Vaults:1)
  2 komodo dragons (Lair:2)
  A demonic crawler (Spider:4)
  6 jumping spiders
  A troll (Orc:2)
  A spectral tarantella (Spider:4)
  10 redbacks
  A tarantella (Spider:4)
  A yak (Lair:2)
  2 orc warriors (Orc:2)
  An ogre (Orc:2)
  4 wolves (Lair:2)
  An orc priest (Orc:2)
  A jelly (D:7)
  A white imp (Abyss:2)
  2 orcs (Orc:2)
67 creatures vanquished.

Vanquished Creatures (others)
  A peacekeeper (Vaults:1)
  A redback (Spider:3)
  A starcursed mass (Abyss:2)
  4 humans (D:13)
  A boggart (Vaults:2)
  A killer bee (D:13)
  19 fungi
  108 plants
  5 toadstools (D:6)
141 creatures vanquished.

Grand Total: 1303 creatures vanquished

Notes
Turn   | Place    | Note
-------+----------+-------------------------------------------
     0 | D:1      | leviel the Minotaur Berserker began the quest for the Orb.
     0 | D:1      | Reached XP level 1. HP: 19/19 MP: 0/0
   362 | D:1      | Found a faded altar of an unknown god.
   478 | D:1      | Reached XP level 2. HP: 26/26 MP: 1/1
  1104 | D:2      | Found an ornate altar of the Wu Jian Council.
  1154 | D:2      | Reached XP level 3. HP: 28/33 MP: 2/2
  1513 | D:2      | Noticed Jessica
  1516 | D:2      | Killed Jessica
  1517 | D:2      | Reached skill level 5 in Axes
  1966 | D:3      | Reached XP level 4. HP: 31/40 MP: 3/3
  2136 | D:3      | Reached ** piety under Trog
  2179 | D:3      | HP: 2/60 [gnoll/+0 spear (3)]
  3216 | D:3      | Found Anoypir's Armour Shoppe.
  3236 | D:3      | Noticed Robin
  3249 | D:3      | Killed Robin
  3250 | D:3      | Reached XP level 5. HP: 47/47 MP: 4/4
  3305 | D:3      | Found an ornate altar of the Wu Jian Council.
  3469 | D:3      | Found a snail-covered altar of Cheibriados.
  3750 | D:4      | Noticed Eustachio
  3763 | D:4      | Killed Eustachio
  3764 | D:4      | Reached XP level 6. HP: 14/53 MP: 5/5
  4396 | D:4      | Found a staircase to the Ecumenical Temple.
  4410 | D:4      | Found a bloodstained altar of Trog.
  4410 | D:4      | Found a shadowy altar of Dithmenos.
  4410 | D:4      | Found a hide-covered altar of Uskayaw.
  4410 | D:4      | Found a white marble altar of Elyvilon.
  4410 | D:4      | Found an ancient bone altar of Kikubaaqudgha.
  4411 | D:4      | Found a glowing silver altar of Zin.
  4414 | D:4      | Found a shimmering altar of Xom.
  4467 | D:4      | Reached skill level 1 in Shields
  4510 | D:4      | Noticed Dowan
  4514 | D:4      | Noticed Duvessa
  4516 | D:4      | Killed Dowan
  4518 | D:4      | Reached XP level 7. HP: 47/60 MP: 6/6
  4525 | D:4      | Killed Duvessa
  4526 | D:4      | Reached skill level 5 in Fighting
  4526 | D:4      | Reached skill level 1 in Stealth
  4749 | D:4      | Reached *** piety under Trog
  4954 | D:5      | Entered Level 5 of the Dungeon
  4965 | D:5      | Reached skill level 5 in Armour
  5191 | D:5      | Reached XP level 8. HP: 63/68 MP: 7/7
  5233 | D:5      | Noticed Blork the orc
  5241 | D:5      | Killed Blork the orc
  5414 | D:5      | Noticed Menkaure
  5420 | D:5      | Killed Menkaure
  5664 | D:5      | Reached skill level 10 in Axes
  5882 | D:3      | Bought the +0 cloak of the Armoured One {rN++ Regen+ rCorr
                  | Str-3} for 255 gold pieces
  5984 | D:5      | Found a sparkling altar of Nemelex Xobeh.
  6414 | D:6      | Reached XP level 9. HP: 49/75 MP: 8/8
  6438 | D:6      | Found a blossoming altar of Fedhas.
  7371 | D:7      | Reached **** piety under Trog
  7525 | D:7      | Noticed Maggie
  7562 | D:7      | Killed Maggie
  7597 | D:7      | Noticed Harold
  7609 | D:7      | Killed Harold
  7610 | D:7      | Reached XP level 10. HP: 83/86 MP: 9/9
  7906 | D:7      | Noticed Pikel
  7935 | D:7      | Killed Pikel
  7936 | D:7      | Reached skill level 5 in Dodging
  7964 | D:7      | Identified a scroll of acquirement
  7964 | D:7      | Acquired the +4 broad axe "Orb Guardian's Regret" {vorpal,
                  | rElec rPois Dex+2}
  8097 | D:8      | Found an iron altar of Okawaru.
  8109 | D:8      | Found the +18 shield of the Gong {rElec rN+ Will+ EV-5}
  8237 | D:8      | Noticed Erica
  8248 | D:8      | Killed Erica
  8253 | D:8      | Reached skill level 5 in Shields
  8277 | D:8      | Noticed a two-headed ogre
  8288 | D:8      | Killed a two-headed ogre
  9185 | D:9      | Reached XP level 11. HP: 93/93 MP: 10/10
  9465 | D:10     | Entered Level 10 of the Dungeon
  9476 | D:10     | Reached ***** piety under Trog
  9549 | D:10     | Reached skill level 15 in Axes
  9867 | D:10     | Noticed a two-headed ogre
  9875 | D:10     | Killed a two-headed ogre
  9893 | D:10     | Found a staircase to the Orcish Mines.
  9920 | Orc:1    | Entered Level 1 of the Orcish Mines
 10353 | Orc:2    | Entered Level 2 of the Orcish Mines
 10407 | Orc:2    | Noticed an orc warlord
 10408 | Orc:2    | Noticed an orc sorcerer
 10420 | Orc:2    | Killed an orc sorcerer
 10426 | Orc:2    | Killed an orc warlord
 10426 | Orc:2    | Received a gift from Trog
 10506 | Orc:2    | Noticed a two-headed ogre
 10510 | Orc:2    | Noticed an ogre mage
 10510 | Orc:2    | Noticed an ogre mage
 10520 | Orc:2    | Killed a two-headed ogre
 10527 | Orc:2    | Killed an ogre mage
 10534 | Orc:2    | Killed an ogre mage
 10535 | Orc:2    | Reached XP level 12. HP: 44/103 MP: 11/11
 10539 | Orc:2    | Noticed a two-headed ogre
 10543 | Orc:2    | Killed a two-headed ogre
 10569 | Orc:2    | Noticed a two-headed ogre
 10571 | Orc:2    | Noticed an orc high priest
 10586 | Orc:2    | Killed an orc high priest
 10589 | Orc:2    | Killed a two-headed ogre
 10603 | Orc:2    | Noticed a two-headed ogre
 10606 | Orc:2    | Killed a two-headed ogre
 10607 | Orc:2    | Noticed a two-headed ogre
 10607 | Orc:2    | Noticed a two-headed ogre
 10609 | Orc:2    | Noticed a two-headed ogre
 10616 | Orc:2    | Killed a two-headed ogre
 10620 | Orc:2    | Killed a two-headed ogre
 10628 | Orc:2    | Killed a two-headed ogre
 10641 | Orc:2    | Noticed a two-headed ogre
 10647 | Orc:2    | Killed a two-headed ogre
 10649 | Orc:2    | Noticed a two-headed ogre
 10654 | Orc:2    | Noticed a two-headed ogre
 10683 | Orc:2    | Killed a two-headed ogre
 10689 | Orc:2    | Killed a two-headed ogre
 10694 | Orc:2    | Reached skill level 10 in Fighting
 10704 | Orc:2    | Reached skill level 1 in Evocations
 10769 | Orc:2    | Noticed a two-headed ogre
 10770 | Orc:2    | Noticed a two-headed ogre
 10770 | Orc:2    | Noticed an ogre mage
 10784 | Orc:2    | Killed a two-headed ogre
 10786 | Orc:2    | Killed a two-headed ogre
 10789 | Orc:2    | Killed an ogre mage
 10790 | Orc:2    | Reached XP level 13. HP: 113/113 MP: 12/12
 10807 | Orc:2    | Reached skill level 5 in Evocations
 10835 | Orc:2    | Received a gift from Trog
 10971 | Orc:2    | Found Xeasch's Weapon Emporium.
 10971 | Orc:2    | Found Ruclamas's Jewellery Shop.
 10971 | Orc:2    | Found Pixag's Antique Weapon Shop.
 10971 | Orc:2    | Found Jiugyum's Antique Weapon Shoppe.
 11059 | Orc:2    | Found a staircase to the Elven Halls.
 12630 | D:11     | Found a staircase to the Lair.
 13809 | Lair:1   | Entered Level 1 of the Lair of Beasts
 14045 | Lair:1   | Found a runed translucent door.
 14632 | Lair:1   | Identified the +6 trident "Uzyoll" {vamp, Stlth+}
 14634 | Lair:1   | Noticed Moonsnow's ghost (journeyman SpBe)
 14657 | Lair:1   | Identified the +1 war axe of the Extremely Mad {vamp, rC++
                  | Stlth+}
 14701 | Lair:1   | Killed Moonsnow's ghost
 14705 | Lair:1   | Reached skill level 10 in Evocations
 15215 | Lair:2   | Reached XP level 14. HP: 114/124 MP: 13/13
 15252 | Lair:2   | Found a hole to the Spider Nest.
 15297 | Lair:2   | Found a staircase to the Shoals.
 15350 | Lair:2   | Found a dark tunnel.
 15888 | Lair:3   | Identified the +6 quarterstaff of Ilahifis {flame, rPois
                  | rF++ Str+4 Dex+4} (Trog gifted it to you on level 3 of the
                  | Lair of Beasts)
 15888 | Lair:3   | Received a gift from Trog
 15914 | Lair:3   | Noticed Snorg
 15934 | Lair:3   | Killed Snorg
 17542 | Lair:5   | Found an ancient bone altar of Kikubaaqudgha.
 17687 | Lair:5   | Received a gift from Trog
 17693 | Lair:5   | Reached skill level 15 in Fighting
 18245 | Lair:6   | Entered Level 6 of the Lair of Beasts
 18401 | Lair:6   | Reached ****** piety under Trog
 18486 | Lair:6   | Identified the +1 robe "Huyfuh" {rC- rCorr Dex+5}
 18488 | Lair:6   | Identified the +5 broad axe "Efet" {protect, Will++ Str-2}
 18550 | Lair:6   | Received a gift from Trog
 18584 | Lair:6   | Reached XP level 15. HP: 145/145 MP: 14/14
 18772 | Lair:6   | Identified the amulet of Nookhle {rN+ Regen+}
 18948 | Lair:6   | Found a staircase to the Slime Pits.
 19504 | D:13     | Noticed Sonja
 19510 | D:13     | Killed Sonja
 19511 | D:13     | Reached skill level 1 in Throwing
 19546 | D:13     | Noticed Kirke
 19559 | D:13     | Killed Kirke
 20339 | D:14     | Reached skill level 5 in Throwing
 20966 | D:14     | Found a hazy altar of Hepliaklqana.
 21028 | D:14     | Found a gate to the Vaults.
 21433 | D:15     | Entered Level 15 of the Dungeon
 21514 | D:15     | Received a gift from Trog
 21595 | D:15     | Reached skill level 10 in Throwing
 21845 | D:15     | Found a staircase to the Depths.
 22030 | D:15     | Identified the +0 chain mail "Temmayde" {-Tele rPois Str+7
                  | Stlth+}
 22058 | D:15     | Reached XP level 16. HP: 154/154 MP: 15/15
 22526 | Depths:1 | Entered Level 1 of the Depths
 22526 | Depths:1 | Noticed a sphinx
 22692 | Spider:1 | Entered Level 1 of the Spider Nest
 23064 | D:3      | Bought a +1 pair of boots of flying for 198 gold pieces
 23500 | Spider:1 | Reached skill level 10 in Shields
 24354 | Spider:1 | Identified the +9 great sword "Onledoi" {vorpal, Fly rC+}
 24558 | Spider:2 | Noticed Asterion
 24741 | Spider:2 | Killed Asterion
 25224 | Spider:2 | You are sucked into a shaft and drop 1 floor!
 25226 | Spider:3 | Received a gift from Trog
 25258 | Spider:3 | Noticed Azrael
 25280 | Spider:3 | Killed Azrael
 25474 | Spider:2 | Identified the +4 long sword of Wrongful Imprisonment
                  | {holy, Fly}
 25825 | Spider:3 | Noticed Louise
 25840 | Spider:3 | Killed Louise
 26368 | Spider:4 | Entered Level 4 of the Spider Nest
 26433 | Spider:4 | Noticed Arachne
 26453 | Spider:4 | Killed Arachne
 26526 | Spider:4 | Received a gift from Trog
 26560 | Spider:4 | Reached skill level 15 in Shields
 26582 | Spider:4 | Noticed Donald
 26607 | Spider:4 | Killed Donald
 26818 | Spider:4 | Reached XP level 17. HP: 160/160 MP: 16/16
 26902 | Spider:4 | Reached skill level 10 in Dodging
 26990 | Spider:4 | Got a gossamer rune of Zot
 27235 | Shoals:1 | Entered Level 1 of the Shoals
 27396 | Slime:1  | Entered Level 1 of the Pits of Slime
 27401 | Lair:6   | Received a gift from Trog
 27408 | Slime:1  | Noticed an acid blob
 27456 | Slime:1  | Killed an acid blob
 27894 | Vaults:1 | Entered Level 1 of the Vaults
 30355 | Vaults:1 | Found a radiant altar of Vehumet.
 30355 | Vaults:1 | Noticed a lich
 30362 | Vaults:1 | Killed a lich
 30363 | Vaults:1 | Reached skill level 15 in Dodging
 30368 | Vaults:1 | Identified the +0 hat "Nimiqeb" {Regen+}
 30503 | Vaults:2 | Reached XP level 18. HP: 168/168 MP: 17/17
 30570 | Vaults:2 | Identified the +5 broad axe "Gakoh" {vorpal, Str+3} (Trog
                  | gifted it to you on level 2 of the Vaults)
 30570 | Vaults:2 | Received a gift from Trog
 30788 | Vaults:2 | Noticed Frederick
 31099 | Vaults:1 | Killed Frederick
 31343 | Vaults:2 | Found Aqoes's Armour Shoppe.
 31351 | Vaults:2 | Bought the +3 pair of gloves of Blue Skies {Str+3} for 623
                  | gold pieces
 32365 | Vaults:3 | Cast into level 2 of the Abyss (a wizard)
 32391 | Abyss:2  | Noticed a tentacled monstrosity
 32400 | Abyss:2  | Killed a tentacled monstrosity
 32419 | Abyss:2  | Received a gift from Trog
 32482 | Abyss:2  | Lost intelligence.
 32496 | Abyss:2  | Gained mutation: [You are weak. (Str -2)] [potion of
                  | mutation]
 32496 | Abyss:2  | Gained mutation: You have a pair of large horns on your
                  | head. [potion of mutation]
 32497 | Abyss:2  | Found a corrupted altar of Lugonu.
 32559 | Abyss:2  | Paralysed by accursed screaming for 1 turns
 32561 | Abyss:2  | Killed from afar by a starcursed mass

Illustrated notes

Levels and vault maps discovered:
D:1:      minmay_arrival_loop, layout_loops_cross,
          chequers_ecumenical_altar_simple_redux
D:2:      layout_basic, basic_altar, grunt_decor_junction, uniq_jessica
D:3:      layout_loops_ring, lemuel_crystal_altar,
          nicolae_overflow_crystal_walls, serial_shops, nicolae_shop_waterfront,
          minmay_randomly_rotated_circles, uniq_robin
D:4:      layout_gridville, grunt_temple_overflow_open,
          minmay_temple_entry_overgrown, serial_forest,
          infiniplex_forest_side_room, infiniplex_forest_clump_tiny,
          infiniplex_forest_clump_diagonal, infiniplex_forest_split,
          infiniplex_forest_clump_tiny, infiniplex_forest_corner_1,
          infiniplex_forest_straight_2, infiniplex_forest_clump_curved,
          infiniplex_forest_lined_2, infiniplex_forest_lined_corner,
          hangedman_decor_push, uniq_eustachio, uniq_duvessa
D:5:      layout_cave_pods, lemuel_round_altar, serial_park, serial_park_tiny_1,
          serial_park_gazebo [serial_park_minivault_5x5_3], serial_park_avenue1,
          uniq_blork_the_orc, uniq_menkaure
D:6:      layout_loops_cross, fedhas_ov_isle_minmay, gup_sewer_entry_pipe,
          nicolae_lava_and_water, minmay_gold_behind_fungi, kennysheep_potato
D:7:      minmay_the_grid_octo_tiled_squarecenter
          [minmay_the_grid_octo_concentric,
          minmay_the_grid_octo_vomiting_pacman,
          minmay_the_grid_octo_thin_diamonds, minmay_the_grid_octo_clover,
          minmay_the_grid_square_5x5_megaprize_hollow,
          minmay_the_grid_square_5x5_misaligned,
          minmay_the_grid_square_5x5_checkered,
          minmay_the_grid_square_5x5_n_small,
          minmay_the_grid_square_5x5_one_wall], layout_rooms, minivault_10,
          uniq_maggie, uniq_pikel, uniq_harold
D:8:      layout_loops_ring, okawaru_trees_1, serial_bayou_lagoon_b, uniq_erica
D:9:      layout_roguey [special_room_orc], serial_rivers,
          chequers_serial_rivers_room_b, chequers_serial_rivers_small_b,
          chequers_serial_rivers_micro_b, chequers_serial_rivers_room_a,
          chequers_serial_rivers_room_b, minmay_misc_feat_encased
D:10:     layout_long_grid, erik_orc_2, st_stairs_4
D:11:     layout_irregular_city, erik_lair_island
D:12:     layout_loops_ring
D:13:     layout_roguey, special_room [special_room_bee], grunt_ministairs_7,
          minivault_4, minivault_23, uniq_sonja, uniq_kirke
D:14:     layout_irregular_city, erik_vaults_2,
          nicolae_hepliaklqana_hippocampus, minmay_splitting_lines,
          minmay_misc_feat_secret_circle
D:15:     hangedman_depths_entry_civil_slaughter, layout_long_grid,
          serial_bayou_lagoon_a
Lair:1:   layout_layer_cave, ebering_ghost_funeral_grove, lemuel_old_faithful,
          infiniplex_staircase_pool
Lair:2:   layout_small_grid, minmay_shoals_entry_lonely_mermaid,
          spider_nest_entry_webs, lightli_volcano_entry_magma_tube
Lair:3:   layout_long_grid, infiniplex_staircase_pool_2, lemuel_fruit_fields,
          uniq_snorg
Lair:4:   layout_layer_cave, serial_rivers, chequers_serial_rivers_micro_e,
          chequers_serial_rivers_room_a, chequers_serial_rivers_small_a,
          chequers_serial_rivers_small_3
Lair:5:   layout_gridlike, lemuel_centaur_altar
Lair:6:   minmay_lair_end_enchanted_forest, layout_hall_layers,
          nicolae_slime_entry_slimehenge, gauntlet_entry_generic, st_stairs_7,
          grunt_megastairs_3
Shoals:1: layout_shoals, serial_shops, nicolae_shop_trees
Spider:1: layout_spider_delve
Spider:2: layout_spider_delve, hangedman_spider_tarantella_strand, uniq_asterion
Spider:3: layout_chambers, uniq_louise, uniq_azrael
Spider:4: floodkiller_spider_rune_tomb, uniq_donald, uniq_arachne
Slime:1:  layout_caves
Orc:1:    layout_diamond_mine
Orc:2:    st_orc_ogre_mass, layout_diamond_mine, mines4_lemuel
Vaults:1: grunt_tower_of_power, vaults_room_ringed_pool,
          nicolae_vaults_three_branches, grunt_vaults_twisty, vaults_mumra_lcd,
          nicolae_vaults_rhombus_5, layout_vaults_omnigrid
Vaults:2: nicolae_vaults_arrows, hangedman_vaults_restitches, dpeg_vaults_waves,
          ontoclasm_vaults_hangar, vaults_standard_mumra_x, v_misc_4, v_misc_28,
          vaults_mumra_hexcomb, vaults_room_mumra_shop_pool,
          nicolae_vaults_little_squares_4, ontoclasm_vaults_gateway,
          vaults_room_pools, layout_vaults_omnibox, uniq_frederick
Vaults:3: nicolae_vaults_puzzle_piece, minmay_crypt_entry_simple_walls,
          ontoclasm_vaults_fault, nicolae_vaults_angled_halls,
          grunt_vaults_swirl, nicolae_vaults_rhombus_5, vaults_room_pools,
          hangedman_vaults_corner_blocks, nicolae_vaults_angled_halls,
          ontoclasm_vaults_twist, layout_vaults_big_room,
          serial_hangedman_research, hangedman_research_metamorphosis,
          hangedman_research_quantum
Depths:1: minmay_tri_stars, layout_cross, abyss_entry, grunt_hell_entry_dis_mu,
          good_gods_temple_1, drop_trap, eino_tiny_chamber, vehumet_crystals
Abyss:2:  base: Zot:3, hangedman_abyss_exit_choices, minivault_4,
          gammafunk_corrupted_shrine

Skill      XL: |  1  2  3  4  5  6  7  8  9 10 11 12 13 14 15 16 17 18 |
---------------+-------------------------------------------------------+-----
Axes           | 4 5 6 7 8 10 12 14 16 18 | 18.9
Fighting       | 4 5 6 7 8 10 11 16 | 16.9
Dodging        | 3 4 5 6 7 8 15 18 | 18.9
Armour         | 3 4 5 6 7 8 |  8.5
Shields        | 1 2 3 4 5 7 9 15 | 15.0
Stealth        | 1 2 3 |  3.3
Evocations     | 4 10 | 10.0
Throwing       | 10 | 10.0

Action                   |  1- 3 |  4- 6 |  7- 9 | 10-12 | 13-15 | 16-18 || total
-------------------------+-------+-------+-------+-------+-------+-------++-------
Melee: Hand axe          |    57 |    90 |   236 |    67 |       |       ||   450
       Headbutt          |     6 |    18 |    41 |    96 |   212 |   302 ||   675
       Broad axe         |       |       |       |   398 |   939 |  1008 ||  2345
       Unarmed           |       |       |       |       |     1 |       ||     1
Throw: Dart              |       |       |       |       |       |     2 ||     2
Invok: Berserk           |       |     4 |     3 |     6 |     2 |     1 ||    16
       Trog's Hand       |       |     1 |     2 |     5 |     3 |     7 ||    18
       Brothers in Arms  |       |       |     1 |     1 |     4 |    10 ||    16
Evoke: Wand              |       |       |       |    12 |     4 |    11 ||    27
  Use: Scroll            |     1 |     4 |       |     5 |    23 |     7 ||    40
       Potion            |       |       |     2 |       |     1 |     8 ||    11
 Stab: Distracted        |       |       |     3 |     2 |       |     1 ||     6
       Sleeping          |       |       |       |     1 |       |       ||     1
       Paralysed         |       |       |       |       |       |     3 ||     3
       Held in net/web   |       |       |       |       |       |     1 ||     1
Armor: Animal skin       |    10 |       |       |       |       |       ||    10
       Ring mail         |     4 |    30 |    51 |    35 |     4 |       ||   124
       Plate armour      |       |       |       |       |   223 |   329 ||   552
Dodge: Dodged            |    46 |    52 |    97 |    44 |    38 |    96 ||   373
Block: Other             |       |    12 |    51 |    18 |       |       ||    81
       Reflection        |       |       |     3 |    21 |    84 |    67 ||   175
       Kite shield       |       |       |       |   318 |  1259 |  1513 ||  3090

Table legend: (Time is in decaauts)
 A = Elapsed time spent in this place.
 B = Non-inter-level travel time spent in this place.
 C = Inter-level travel time spent in this place.
 D = Time resting spent in this place.
 E = Time spent auto-exploring this place.
 F = Levels seen in this place.
 G = Mean time per level.
                   A        B        C        D        E       F      G
               +--------+--------+--------+--------+--------+-----+--------+
         Total |  32345 |  29980 |   2365 |   5528 |  19091 |  34 |  951.3 |
       Dungeon |  16692 |  15315 |   1377 |   3267 |   9911 |  15 | 1112.8 |
          Lair |   6519 |   5886 |    633 |    714 |   4316 |   6 | 1086.5 |
        Shoals |     55 |     55 |      0 |      0 |      3 |   1 |   55.0 |
   Spider Nest |   3234 |   3105 |    129 |    392 |   1958 |   4 |  808.5 |
    Slime Pits |    286 |    286 |      0 |    141 |    105 |   1 |  286.0 |
  Orcish Mines |   1668 |   1561 |    107 |    179 |    952 |   2 |  834.0 |
        Vaults |   3664 |   3546 |    118 |    833 |   1804 |   3 | 1221.3 |
        Depths |      1 |      1 |      0 |      0 |      0 |   1 |    1.0 |
         Abyss |    221 |    221 |      0 |      0 |     41 |   1 |  221.0 |
               +--------+--------+--------+--------+--------+-----+--------+

Top non-repeatable levels by time:
Vaults:1: 2241 daAuts
     D:3: 1868 daAuts
    D:14: 1844 daAuts
  Lair:2: 1841 daAuts
     D:4: 1381 daAuts
Vaults:2: 1354 daAuts
     D:5: 1337 daAuts
    D:10: 1323 daAuts
  Lair:6: 1168 daAuts
   Orc:2: 1157 daAuts
    D:15: 1124 daAuts
  Lair:1: 1062 daAuts
Spider:3: 1060 daAuts
  Lair:4: 1028 daAuts
     D:2: 1007 daAuts
